 Dungeon Crawl Stone Soup version 0.31-a0-164-g2312942fda (webtiles) character file.

Game seed: 706187954780278915

84 Dittersdorf the Shield-Bearer (level 4, -5/29 HPs)
             Began as a Gargoyle Fighter on June 13, 2023.
             Slain by a gnoll
             ... wielding a +0 whip
              (7 damage)
             ... on level 3 of the Dungeon.
             The game lasted 00:03:04 (2617 turns).

Dittersdorf the Shield-Bearer (Gargoyle Fighter)    Turns: 2617, Time: 00:03:04

Health: -5/29      AC: 15    Str: 21    XL:     4   Next: 46%
Magic:  4/4        EV:  8    Int: 15    God:
Gold:   198        SH:  4    Dex:  9    Spells: 3/3 levels left

rFire   . . .        a - +0 flail
rCold   . . .        c - +0 buckler
rNeg    + . .        l - +0 chain mail
rPois   ∞            (no helmet)
rElec   +            (no cloak)
rCorr   .            r - +1 pair of gloves
SInv    .            (no boots)
Will    .....        e - amulet of regeneration Stlth
                     m - +6 ring of intelligence
HPRegen 1.04/turn    (no ring)
MPRegen 0.09/turn

%: no passive effects
@: no status effects
A: sickness immunity, AC +3, negative energy resistance 1, electricity
resistance, torment resistance 1, petrification resistance
a: no special abilities


You were on level 3 of the Dungeon.
You visited 1 branch of the dungeon, and saw 3 of its levels.

You collected 198 gold pieces.

Inventory:

Hand Weapons
 a - a +0 flail (weapon)
Armour
 c - a +0 buckler (worn)
 l - a +0 chain mail (worn)
 r - a +1 pair of gloves (worn)
Jewellery
 e - an amulet of regeneration (around neck)
 m - a +6 ring of intelligence (left hand)
Scrolls
 j - 3 scrolls of revelation {unknown}
 k - a scroll of vulnerability {unknown}
 n - a scroll of immolation {unknown}
 s - 2 scrolls of enchant armour {unknown}
 u - a scroll of enchant weapon {unknown}
 v - a scroll of identify {unknown}
Potions
 b - 4 potions of curing {unknown}
 d - 2 potions of might
 f - 2 potions of haste {unknown}
 g - a potion of lignification {unknown}
 h - a potion of attraction {unknown}
 i - a potion of resistance {unknown}
 o - a potion of heal wounds {unknown}
 p - a potion of brilliance {unknown}
 q - 2 potions of degeneration {unknown}
 t - a potion of berserk rage {unknown}


   Skills:
 + Level 4.0 Fighting
 + Level 2.7 Maces & Flails
 + Level 4.0 Armour
 + Level 4.0 Shields


You had 3 spell levels left.
You didn't know any spells.
Your spell library was empty.

Dungeon Overview and Level Annotations

Branches:
Dungeon (3/15)

Altars:

Annotations:
D:3 3 runed translucent doors, superbruh's ghost, amateur OpBr


Innate Abilities, Weirdness & Mutations

You are immune to sickness and miasma.
Your stone body is resilient. (AC +3)
You are immune to poison.
You resist negative energy. (rN+)
You are resistant to electric shocks. (rElec)
You are resistant to unholy torment.
You are immune to petrification.


Message History

You closely miss the frilled lizard.
The frilled lizard bites you but does no damage.
The gnoll barely misses you.
You completely miss the frilled lizard. The frilled lizard closely misses you.
The gnoll hits you from afar with a +0 halberd.
The gnoll closely misses you.
The frilled lizard bites you but does no damage.
You hit the frilled lizard.
The frilled lizard is heavily wounded.
The frilled lizard bites you but does no damage.
You block the gnoll's attack.
You closely miss the frilled lizard.
The frilled lizard is heavily wounded.
The frilled lizard barely misses you. The gnoll hits you but does no damage.
The gnoll hits you from afar with a +0 halberd.
The frilled lizard closely misses you.
You barely miss the frilled lizard.
The frilled lizard is heavily wounded.
The frilled lizard bites you but does no damage.
The gnoll closely misses you.
You hit the frilled lizard.
You kill the frilled lizard!
The gnoll hits you but does no damage.
You closely miss the gnoll.
The gnoll is heavily wounded.
The gnoll hits you with a +0 whip.
The gnoll hits you from afar with a +0 halberd.
* * * LOW HITPOINT WARNING * * *
You hit the gnoll but do no damage.
The gnoll is heavily wounded.
The gnoll hits you with a +0 whip.
* * * LOW HITPOINT WARNING * * *
The gnoll hits you from afar with a +0 halberd.
* * * LOW HITPOINT WARNING * * *
The gnoll barely misses you. The gnoll hits you with a +0 whip.
* * * LOW HITPOINT WARNING * * *
You hit the gnoll.
The gnoll is almost dead.
The gnoll hits you with a +0 whip!
You die...

#.###.####.#.###.#
#.# #.# #....##.#
#.###.###.#
#.....#.#
#.........#
#........
#####.#####
###.###.# #.# #.#
#.# ####.##### #.#
#.# #........#
##'# #..
#.##@###.#
##...#### # #g#
##.....## #.g#
##.......## #...#
#.........# ......
+.........†
#....#.#.........#
...... ##.......##
#####.# ##.....##
.# ##...##


You could see 2 gnolls.

Vanquished Creatures
  A gnoll (D:3)
  2 adders
  A worm (D:2)
  A dart slug (D:2)
  4 ball pythons
  9 endoplasms
  4 goblins
  4 hobgoblins
  5 jackals
  A quokka (D:2)
  3 bats
  A frilled lizard (D:3)
  5 kobolds
  7 rats
48 creatures vanquished.

Notes
Turn   | Place    | Note
-------+----------+-------------------------------------------
     0 | D:1      | Dittersdorf the Gargoyle Fighter began the quest for the
                  | Orb.
     0 | D:1      | Reached XP level 1. HP: 14/14 MP: 1/1
   166 | D:1      | Reached XP level 2. HP: 16/19 MP: 2/2
  1068 | D:1      | Reached XP level 3. HP: 23/23 MP: 3/3
  1724 | D:2      | Identified the +1 leather armour of Refuge {rPois rC-
                  | Stlth+}
  2019 | D:3      | Reached XP level 4. HP: 29/29 MP: 4/4
  2155 | D:3      | Found a runed translucent gate.
  2523 | D:3      | Found a runed translucent gate.
  2523 | D:3      | Noticed superbruh's ghost (amateur OpBr)
  2524 | D:3      | Found a runed translucent gate.
  2525 | D:3      | Noticed a kobold brigand
  2616 | D:3      | HP: 1/29 [gnoll/+0 whip (2)]
  2617 | D:3      | Slain by a gnoll

Illustrated notes

Levels and vault maps discovered:
D:1:      dpeg_arrival_round_a, layout_basic, kennysheep_another_room,
          minmay_hedge_maze, roderic_lattice_a, nicolae_figureground_pulse
D:2:      layout_basic, minmay_pentomino_t4
D:3:      layout_loops_corners, gammafunk_ghost_nasty_kobolds,
          minmay_parallelograms, minmay_statues_item, grunt_ministairs_14

Skill      XL: |  1  2  3  4 |
---------------+-------------+-----
Shields        | 4 |  4.0
Fighting       | 4 |  4.0
Armour         | 4 |  4.0
Maces & Flails | |  2.7

Action                     |  1- 3 |  4- 6 || total
---------------------------+-------+-------++-------
  Melee: Flail             |   276 |    47 ||   323
 Armour: Scale mail        |    39 |       ||    39
         Chain mail        |    67 |    43 ||   110
  Dodge: Dodged            |    74 |    25 ||    99
  Block: Buckler           |    43 |    13 ||    56

Table legend: (Time is in decaauts)
 A = Elapsed time spent in this place.
 B = Non-inter-level travel time spent in this place.
 C = Inter-level travel time spent in this place.
 D = Time resting spent in this place.
 E = Time spent auto-exploring this place.
 F = Levels seen in this place.
 G = Mean time per level.
                   A        B        C        D        E       F      G
               +--------+--------+--------+--------+--------+-----+--------+
         Total |   2718 |   2623 |     95 |      0 |   1993 |   3 |  906.0 |
       Dungeon |   2718 |   2623 |     95 |      0 |   1993 |   3 |  906.0 |
               +--------+--------+--------+--------+--------+-----+--------+

Top non-repeatable levels by time:
     D:1: 1450 daAuts
     D:2: 649 daAuts
     D:3: 619 daAuts
